 Dungeon Crawl Stone Soup version 0.30-a0-137-gd8773701ce (webtiles) character file.

Game seed: 13510228320663531588

195 KennySheep the Sneak (level 5, -1/48 HPs)
             Began as a Naga Brigand on Sept 22, 2022.
             Slain by an orc
             ... wielding a +0 dagger
              (2 damage)
             ... on level 4 of the Dungeon.
             The game lasted 00:13:22 (3635 turns).

KennySheep the Sneak (Naga Brigand)                 Turns: 3635, Time: 00:13:23

Health: -1/48      AC:  3    Str: 13    XL:     5   Next: 74%
Magic:  5/5        EV: 10    Int: 12    God:
Gold:   221        SH:  0    Dex: 14    Spells: 4/4 levels left

rFire   + . .      SeeInvis +    a - +2 dagger
rCold   + . .      Faith    .    (no shield)
rNeg    + . .      Spirit   .    b - +0 robe
rPois   +          Reflect  .    (no helmet)
rElec   +          Harm     .    c - +0 cloak
rCorr   +          Rampage  .    (no gloves)
Will    .....                    (no barding)
Stlth   ++++......               l - amulet of magic regeneration
HPRegen 0.16/turn                k - ring of flight
MPRegen 0.49/turn                p - ring of positive energy

@: resistant, flying, very slow
A: AC +1, large, see invisible, deformed body, poison resistance, slowness 2,
spit poison 1, naga tail 1
a: Spit Poison


You were on level 4 of the Dungeon.
You visited 1 branch of the dungeon, and saw 4 of its levels.

You collected 221 gold pieces.

Inventory:

Hand Weapons
 a - a +2 dagger (weapon)
Missiles
 d - 12 poisoned darts (quivered)
 i - 2 datura-tipped darts
Armour
 b - a +0 robe (worn)
 c - a +0 cloak (worn)
Jewellery
 k - a ring of flight (left hand)
 l - an amulet of magic regeneration (around neck)
 n - a ring of magical power
 p - a ring of positive energy (right hand)
Scrolls
 f - 7 scrolls of identify {unknown}
 o - a scroll of enchant weapon {unknown}
 r - a scroll of teleportation {unknown}
 s - a scroll of noise {unknown}
 u - a scroll of fog {unknown}
 w - a scroll of magic mapping {unknown}
Potions
 g - a potion of magic
 h - a potion of brilliance {unknown}
 j - a potion of resistance
 m - a potion of haste {unknown}
 q - a potion of mutation {unknown}
 t - a potion of attraction {unknown}
 v - a potion of flight {unknown}
 x - 2 potions of cancellation {unknown}
 z - a potion of curing {unknown}


   Skills:
 + Level 2.9 Fighting
 * Level 3.6 Short Blades
 - Level 1.7 Throwing
 + Level 2.0 Dodging
 * Level 7.6 Stealth


You had 4 spell levels left.
You didn't know any spells.
Your spell library contained the following spells:

 Spells                   Type           Power      Damage    Failure   Level
 Gell's Gravitas          Tloc           0%         N/A       69%         3
 Inner Flame              Hex/Fire       0%         N/A       69%         3
 Teleport Other           Tloc           0%         N/A       69%         3
 Cause Fear               Hex            0%         N/A       97%         4
 Dispersal                Tloc           0%         N/A       100%        6
 Discord                  Hex            0%         N/A       100%        8


Dungeon Overview and Level Annotations

Branches:
Dungeon (4/15)
 Temple: D:4-7

Altars:
Okawaru


Innate Abilities, Weirdness & Mutations

Your serpentine skin is tough. (AC +1)
You have supernaturally acute eyesight. (SInv)
Armour fits poorly on your strangely shaped body.
Your system is resistant to poisons. (rPois)
You cover ground very slowly.
You can spit poison.
You have a snake-like lower body.


Message History

You resist with some effort.
You hit the hound.
The hound is almost dead.
The hound bites you.
An orc comes into view. It is wielding a +0 dagger.
The orc throws a boomerang.
The boomerang hits you.
An orc comes into view. It is wielding a +0 flail.
The hound closely misses you.
You barely miss the hound.
The hound is almost dead.
The orc shouts!
The orc throws a boomerang.
The boomerang hits you. The hound bites you.
* * * LOW HITPOINT WARNING * * *
You hit the hound.
The hound is almost dead.
The hound bites you.
* * * LOW HITPOINT WARNING * * *
The orc wizard gestures wildly while chanting.
The orc wizard flickers and vanishes for a moment.
You hit the hound.
You kill the hound!
You kill the orc wizard!
The orc throws a boomerang.
The boomerang hits you.
* * * LOW HITPOINT WARNING * * *
Your Dodging skill increases to level 2!
The orc throws a boomerang.
The boomerang barely misses you. The orc hits you with a +0 dagger.
* * * LOW HITPOINT WARNING * * *
The orc attacks as you move away! The orc hits you with a +0 flail!
* * * LOW HITPOINT WARNING * * *
The orc completely misses you.
Okay, then.
The orc attacks as you move away! The orc barely misses you.
It was a potion of magic.
Magic courses through your body. The orc hits you with a +0 dagger.
* * * LOW HITPOINT WARNING * * *
It was a potion of resistance.
You feel protected. The orc hits you with a +0 dagger.
You die...

### #.^
#.###
#######...#
.......<#.#
.######<..#
#.### #@#
######o####
#....oo...#
#........†#
#...).....#
!?.(....####
..####### #


You could see 3 orcs.

Vanquished Creatures
  A hound (D:4)
  2 orc wizards
  4 adders
  A worm (D:2)
  2 dart slugs
  2 orcs (D:3)
  3 endoplasms
  3 giant cockroaches (D:3)
  A goblin (D:3)
  13 hobgoblins
  3 jackals (D:3)
  7 quokkas
  3 ball pythons
  7 bats
  5 frilled lizards
  4 kobolds
  5 rats
66 creatures vanquished.

Notes
Turn   | Place    | Note
-------+----------+-------------------------------------------
     0 | D:1      | KennySheep the Naga Brigand began the quest for the Orb.
     0 | D:1      | Reached XP level 1. HP: 19/19 MP: 1/1
   116 | D:1      | Reached skill level 1 in Dodging
   116 | D:1      | Reached skill level 6 in Stealth
   345 | D:1      | Reached XP level 2. HP: 23/26 MP: 2/2
  1043 | D:1      | Reached XP level 3. HP: 33/33 MP: 3/3
  1999 | D:2      | Reached XP level 4. HP: 38/40 MP: 4/4
  2895 | D:3      | Reached skill level 7 in Stealth
  2895 | D:3      | Reached XP level 5. HP: 32/46 MP: 5/5
  3116 | D:3      | Found an iron altar of Okawaru.
  3632 | D:4      | HP: 1/48 [orc/+0 flail (7)]
  3635 | D:4      | Slain by an orc

Illustrated notes

Levels and vault maps discovered:
D:1:      dpeg_arrival_stonehenge_12_columns, layout_basic, st_stairs_11
D:2:      layout_rooms, item_on_display_a
D:3:      layout_basic, amcnicky_altar_gilded
D:4:      layout_basic, serial_shops, nicolae_shop_stone, uniq_edmund

Skill      XL: |  1  2  3  4  5 |
---------------+----------------+-----
Dodging        | 1 2 |  2.0
Stealth        | 6 7 |  7.6
Short Blades   | 3 |  3.6
Fighting       | |  2.9
Throwing       | |  1.7

Action                   |  1- 3 |  4- 6 || total
-------------------------+-------+-------++-------
Melee: Dagger            |   131 |   162 ||   293
       Punch             |       |     3 ||     3
Throw: Dart              |     8 |     6 ||    14
  Use: Potion            |       |     3 ||     3
 Stab: Sleeping          |     4 |     4 ||     8
Armor: Robe              |    24 |    37 ||    61
Dodge: Dodged            |    60 |    71 ||   131

Table legend: (Time is in decaauts)
 A = Elapsed time spent in this place.
 B = Non-inter-level travel time spent in this place.
 C = Inter-level travel time spent in this place.
 D = Time resting spent in this place.
 E = Time spent auto-exploring this place.
 F = Levels seen in this place.
 G = Mean time per level.
                   A        B        C        D        E       F      G
               +--------+--------+--------+--------+--------+-----+--------+
         Total |   4258 |   4064 |    194 |   1159 |   2074 |   4 | 1064.5 |
       Dungeon |   4258 |   4064 |    194 |   1159 |   2074 |   4 | 1064.5 |
               +--------+--------+--------+--------+--------+-----+--------+

Top non-repeatable levels by time:
     D:3: 1603 daAuts
     D:1: 1441 daAuts
     D:2: 1183 daAuts
     D:4: 30 daAuts
